 Dungeon Crawl Stone Soup version 0.26.0-16-gc1dbca0489 (webtiles) character file.

Game seed: 10451035951354279910

43 Qrupt the Magician (level 3, -2/24 HPs)
             Began as a Demonspawn Hedge Wizard on Jan 20, 2021.
             Slain by Terence
             ... wielding a +3 morningstar of flaming
              (6 damage)
             ... on level 2 of the Dungeon.
             The game lasted 00:05:20 (2069 turns).

Qrupt the Magician (Demonspawn Hedge Wizard)        Turns: 2069, Time: 00:05:21

Health: -2/24      AC:  2    Str: 10    XL:     3   Next: 37%
Magic:  0/7        EV: 12    Int: 22    God:
Gold:   59         SH:  5    Dex: 12    Spells: 5/8 levels left

rFire    . . .     SeeInvis .   a - +0 dagger
rCold    + . .     Faith    .   k - +2 buckler
rNeg     . . .     Spirit   +   b - +0 robe
rPois    .         Reflect  .   c - +0 hat
rElec    .         Harm     .   (no cloak)
rCorr    .         Rampage  .   (no gloves)
Will     .....                  (no boots)
Stlth    ++........             (no amulet)
HPRegen  0.08/turn              d - +6 ring of intelligence
MPRegen  0.10/turn              i - ring of protection from cold

@: no status effects
A: magic shield, miasma immunity
a: no special abilities


You were on level 2 of the Dungeon.
You visited 1 branch of the dungeon, and saw 2 of its levels.

You collected 59 gold pieces.

Inventory:

Hand Weapons
 a - a +0 dagger (weapon)
Armour
 b - a +0 robe (worn)
 c - a +0 hat (worn)
 k - a +2 buckler (worn)
Jewellery
 d - a +6 ring of intelligence (left hand)
 i - a ring of protection from cold (right hand)
Scrolls
 e - 4 scrolls of identify {unknown}
 h - 5 scrolls of teleportation
 j - a scroll of amnesia {unknown}
 l - 2 scrolls of magic mapping {unknown}
 m - a scroll of random uselessness {unknown}
Potions
 f - a potion of flight {unknown}
 g - a potion of curing
 n - a potion of mutation {unknown}


   Skills:
 - Level 2.2 Dodging
 - Level 1.7 Stealth
 + Level 0.5 Shields
 + Level 3.4 Spellcasting
 + Level 2.0 Conjurations
 - Level 1.0 Summonings
 - Level 0.8 Translocations


You had 5 spell levels left.
You knew the following spells:

 Your Spells              Type           Power        Failure   Level
a - Magic Dart            Conj           48%          8%          1
b - Call Imp              Summ           8%           19%         2

Your spell library contained the following spells:

 Spells                   Type           Power        Failure   Level
 Blink                    Tloc           N/A          21%         2
 Slow                     Hex            3%           28%         2
 Conjure Flame            Conj/Fire      8%           36%         3
 Mephitic Cloud           Conj/Pois/Air  6%           38%         3


Dungeon Overview and Level Annotations

Branches:
Dungeon (2/15)

Altars:
Elyvilon
Gozag

Annotations:
D:2 Terence


Innate Abilities, Weirdness & Mutations

When hurt, damage is shared between your health and your magic reserves.
You are immune to miasma.


Message History

Your white imp hits Terence but does no damage.
You closely miss Terence.
Terence is moderately wounded.
Your crimson imp disappears in a puff of smoke!
Terence shouts, "Now you die!"
Terence hits you with a +3 morningstar of flaming!
* * * LOW HITPOINT WARNING * * *
Terence burns you.
* * * LOW HITPOINT WARNING * * *
Your white imp hits Terence.
Your white imp freezes Terence.
Terence resists.
You hit Terence but do no damage.
Terence is heavily wounded.
Terence closely misses you.
Your white imp gestures at Terence.
The puff of frost hits Terence.
Terence resists.
You hit Terence but do no damage.
Terence is heavily wounded.
Terence says, "You're history."
Terence hits you with a +3 morningstar of flaming.
You die...

#........'†...
#####.#...####....
#........######...
#.###.........##..
#.# #..#.####.###.
#.# #..#.### ##
#5# #......# # #@#
##.#.#.# # #@#
##.#.#.##. ## #.#
#......... ##.
#.###.###....###..
###.....#....#....
#.#.###.........
#.._†.#....##...
###.#.# . #8...
#.....# ##...
###.### #...


You could see Terence and a friendly white imp (summoned).

Vanquished Creatures
  2 leopard geckos (D:1)
  A ball python (D:2)
  6 bats
  2 giant cockroaches (D:1)
  7 goblins (D:1)
  5 hobgoblins
  A quokka (D:1)
  5 frilled lizards
  3 kobolds
  2 rats
34 creatures vanquished.

Vanquished Creatures (collateral kills)
  A worm (D:2)
1 creature vanquished.

Grand Total: 35 creatures vanquished

Notes
Turn   | Place    | Note
-------+----------+-------------------------------------------
     0 | D:1      | Qrupt the Demonspawn Hedge Wizard began the quest for the
                  | Orb.
     0 | D:1      | Reached XP level 1. HP: 13/13 MP: 4/4
   401 | D:1      | Gained mutation: When hurt, damage is shared between your
                  | health and your magic reserves. [demonic ancestry]
   401 | D:1      | Reached XP level 2. HP: 19/19 MP: 3/6
   930 | D:1      | Learned a level 2 spell: Call Imp
  1166 | D:1      | Gained mutation: You are immune to miasma. [demonic
                  | ancestry]
  1166 | D:1      | Reached XP level 3. HP: 24/24 MP: 3/7
  1688 | D:2      | Found a white marble altar of Elyvilon.
  1743 | D:2      | Found an opulent altar of Gozag.
  1787 | D:2      | Noticed Terence
  2069 | D:2      | Slain by Terence

Illustrated notes

Levels and vault maps discovered:
D:1:      lightli_arrival_farm, layout_basic, serial_aquarium,
          aquarium_bridge_square [aquarium_subvault_wall,
          aquarium_subvault_bridge, aquarium_subvault_bridge,
          aquarium_subvault_bridge], aquarium_bridge_straight
          [aquarium_subvault_bridge, aquarium_subvault_wall,
          aquarium_subvault_bridge, aquarium_subvault_wall],
          aquarium_window_fake, aquarium_window_corner, aquarium_window_1,
          aquarium_window_fake, aquarium_view_2b, grunt_decor_resistance,
          corexii_item_surrounded_by_moat, minmay_ruptured
D:2:      layout_loops_corners, elyvilon_altar_4,
          nicolae_gozag_cash_rules_everything_around_me, st_stairs_7,
          chequers_serial_rivers_small_3, grunt_ministairs_10,
          corexii_hall_statues_i, uniq_jessica, uniq_natasha, uniq_terence

Skill      XL: |  1  2  3 |
---------------+----------+-----
Dodging        | 2 |  2.2
Conjurations   | 2 |  2.0
Stealth        | |  1.7
Shields        | |  0.5
Spellcasting   | |  3.4
Summonings     | |  1.0
Translocations | |  0.8

Action                   || total
-------------------------++-------
Melee: Dagger            ||    20
 Cast: Magic Dart        ||    71
       Call Imp          ||     5
  Use: Scroll            ||     1
       Potion            ||     1
 Stab: Sleeping          ||     2
Armor: Robe              ||     1
Dodge: Dodged            ||    13
Block: Buckler           ||     8
